 Dungeon Crawl Stone Soup version 0.30-a0-743-gbfdf073431 (webtiles) character file.

Game seed: 1202284222312102009

3185 Leeroy the Carver (level 9, -4/50 HPs)
             Began as a Vine Stalker Warper on Feb 7, 2023.
             Was a Believer of Uskayaw.
             Killed by divine providence
             ... invoked by an orc priest
              (6 damage)
             ... on level 8 of the Dungeon.
             The game lasted 00:09:34 (6974 turns).

Leeroy the Carver (Vine Stalker Warper)             Turns: 6974, Time: 00:09:35

Health: -4/50      AC:  4    Str: 14    XL:     9   Next: 95%
Magic:  0/19       EV: 17    Int: 13    God:    Uskayaw [**....]
Gold:   419        SH:  0    Dex: 18    Spells: 9/20 levels left

rFire   + . .      SeeInvis .    a - +0 falchion
rCold   . . .      Faith    .    (no shield)
rNeg    . . .      Spirit   +    b - +0 leather armour
rPois   .          Reflect  .    (no helmet)
rElec   .          Harm     .    L - +0 cloak
rCorr   .          Rampage  .    (no gloves)
Will    +....                    (no boots)
Stlth   +                        (no amulet)
HPRegen 1.08/turn                h - ring of protection from fire
MPRegen 0.16/turn                z - +5 ring of evasion

@: lethally poisoned (-4 -> -5), on blink cooldown
A: fangs 3, regeneration 1, magic shield, antimagic bite, no potion heal 2
a: Renounce Religion, Stomp, Line Pass


You were on level 8 of the Dungeon.
You worshipped Uskayaw.
Uskayaw was noncommittal.
You visited 1 branch of the dungeon, and saw 8 of its levels.
You also visited: Sewer.

You collected 419 gold pieces.

Inventory:

Hand Weapons
 a - a +0 falchion (weapon)
 A - the +3 quarterstaff of the Lurker {elec, rF+++ Int+6 Dex-3}
   (You found it on level 5 of the Dungeon)

   Int:       It affects your intelligence (+6).
   Dex:       It affects your dexterity (-3).
   rF:        It renders you almost immune to fire.
 J - a +0 rapier
 N - a +0 short sword of speed
 P - a +0 dagger of venom
Missiles
 d - 4 boomerangs of dispersal (quivered)
 i - a throwing net
 y - 15 poisoned darts
 Q - a boomerang
Armour
 b - a +0 leather armour (worn)
 j - a +1 cloak of willpower
 k - a +0 buckler
 L - a +0 cloak (worn)
Jewellery
 h - a ring of protection from fire (left hand)
 z - a +5 ring of evasion (right hand)
 K - a ring of protection from cold
Wands
 t - a wand of flame (14)
 x - a wand of light (5)
 B - a wand of mindburst (13)
Scrolls
 c - 3 scrolls of blinking
 g - 2 scrolls of enchant weapon {unknown}
 n - a scroll of acquirement {unknown}
 o - a scroll of poison {unknown}
 r - 4 scrolls of identify {unknown}
 u - 2 scrolls of fog {unknown}
 w - 2 scrolls of amnesia {unknown}
 E - 4 scrolls of teleportation
 F - 2 scrolls of fear {unknown}
 G - a scroll of brand weapon {unknown}
 M - a scroll of torment {unknown}
 O - a scroll of silence {unknown}
Potions
 e - a potion of magic {unknown}
 f - 4 potions of lignification {unknown}
 l - 9 potions of curing {unknown}
 m - 3 potions of cancellation {unknown}
 p - 2 potions of flight {unknown}
 q - a potion of berserk rage {unknown}
 s - 3 potions of heal wounds {unknown}
 v - 2 potions of degeneration {unknown}
 C - 2 potions of haste {unknown}
 D - 2 potions of resistance {unknown}
 H - a potion of mutation {unknown}
 I - 2 potions of might {unknown}


   Skills:
 - Level 7.0 Fighting
 + Level 9.1 Long Blades
 - Level 0.3 Staves
 - Level 0.8 Throwing
 - Level 0.7 Armour
 - Level 1.5 Dodging
 - Level 6.2 Spellcasting
 - Level 3.0 Translocations


You had 9 spell levels left.
You knew the following spells:

 Your Spells              Type           Power      Damage    Failure   Level
a - Blink                 Tloc           22%        N/A       10%         2
b - Vhi's Electric Charg  Tloc/Air       14%        N/A       34%         3
c - Vampiric Draining     Necr           4%         2d6       54%         3
d - Confusing Touch       Hex            4%         N/A       54%         3

Your spell library contained the following spells:

 Spells                   Type           Power      Damage    Failure   Level
 Lesser Beckoning         Tloc           22%        N/A       10%         2
 Gell's Gravitas          Tloc           11%        N/A       19%         3
 Teleport Other           Tloc           11%        N/A       19%         3
 Slow                     Hex            16%        N/A       22%         1
 Summon Small Mammal      Summ           16%        N/A       22%         1
 Manifold Assault         Tloc           11%        N/A       52%         4
 Call Canine Familiar     Summ           4%         N/A       54%         3
 Summon Guardian Golem    Hex/Summ       4%         N/A       54%         3
 Dispersal                Tloc           5%         N/A       100%        6


Dungeon Overview and Level Annotations

Branches:
Dungeon (8/15)             Temple (0/1) D:7           Sewer (visited)
   Lair: D:8-11

Altars:
Dithmenos
Elyvilon
Fedhas
Gozag
Makhleb
Ru
Trog
Uskayaw
Wu Jian
Zin
The Shining One
Lugonu

Shops:
D:1 ?   D:3 *   D:6 *

Annotations:
D:8 1 transporter


Innate Abilities, Weirdness & Mutations

You have razor-sharp teeth.
Your natural rate of healing is unusually fast.
When hurt, damage is shared between your health and your magic reserves.
Your bite disrupts and absorbs the magic of your enemies.
Potions cannot restore your health.


Message History

You feel very sick. The orc misses you.
The orc warrior hits you with a +0 scimitar!
The orc priest hits you with a +1 hand axe of venom.
You are more poisoned.
You are too injured to fight recklessly!
You are too injured to fight recklessly!
You are too injured to fight recklessly!
You are too injured to fight recklessly!
You completely miss the orc priest. You bite the orc priest.
You drain its power.
You feel invigorated.
The orc priest is moderately wounded.
You feel very sick. The orc closely misses you. The orc warrior misses you.
The orc priest calls down the wrath of Beogh upon you.
You resist with significant effort.
The orc warrior attacks as you move away!
The orc warrior hits you with a +0 scimitar!
* * * LOW HITPOINT WARNING * * *
x2 You feel very sick.
The orc priest barely misses you.
You hit the orc priest. Your bite misses the orc priest.
The orc priest is moderately wounded.
* * * LOW HITPOINT WARNING * * *
You feel very sick. The orc misses you.
Okay, then.
Casting: Vhi's Electric Charge (quite dangerous; 34% risk of failure)
Confirm with . or Enter, or press ? or * to list all spells.
You blink.
* * * LOW HITPOINT WARNING * * *
You feel very sick.
* * * LOW HITPOINT WARNING * * *
You feel sick.
The orc priest looks satisfied for a moment.
* * * LOW HITPOINT WARNING * * *
You feel sick.
The orc priest calls down the wrath of Beogh upon you.
Beogh smites you!
You die...

#######.####.# .####
#..###.#
.....###.....# #####
.###.# #.###.###...#
## #.# #...)...### #
#.# #.#..o....#### #
#.# #.#........... #
#.# #.#
#....oo...#### # #.#
#.# #####@..### #
#.# #.# #...#
####.###.#########.#
# ..............#
#.# .#
.........####.# #.#
####.## .....##..#
#.# ##.######... . #
...>.....#
#.###..........#.#.+
..(..##.##
#.##.....## #.<#...+
....###.#
#.#.......###......#


You could see an orc warrior, an orc priest and an orc.

Vanquished Creatures
  Pikel (D:4)
  A steam dragon (D:7)
  A water moccasin (D:8)
  Duvessa (D:5)
  2 orc warriors
  An ice beast (D:7)
  2 centaurs (D:7)
  4 ogres
  2 lemures
  A kobold brigand (D:7)
  4 bullfrogs
  3 necrophages
  2 scorpions
  Dowan (D:5)
  2 jellies (D:6)
  6 orc priests
  A gnoll bouda (D:7)
  3 hounds (D:5)
  3 iguanas
  7 orc wizards
  4 gnolls (D:7)
  9 adders
  3 river rats (Sewer)
  A shadow imp (D:7)
  2 white imps (D:6)
  2 worms
  2 dart slugs
  34 orcs
  7 endoplasms
  4 giant cockroaches
  8 goblins
  11 hobgoblins
  2 jackals (D:1)
  5 quokkas
  15 ball pythons
  11 bats
  7 frilled lizards
  8 kobolds
  25 rats
208 creatures vanquished.

Notes
Turn   | Place    | Note
-------+----------+-------------------------------------------
     0 | D:1      | Leeroy the Vine Stalker Warper began the quest for the Orb.
     0 | D:1      | Reached XP level 1. HP: 11/11 MP: 4/4
    15 | D:1      | Reached skill level 2 in Long Blades
    85 | D:1      | Found The Oracle's Delphic Readings.
    90 | D:1      | Reached XP level 2. HP: 15/15 MP: 6/6
   123 | D:1      | Learned a level 2 spell: Blink
   569 | D:1      | Reached skill level 3 in Long Blades
   608 | D:1      | Reached XP level 3. HP: 11/18 MP: 5/7
   954 | D:1      | Learned a level 3 spell: Vhi's Electric Charge
  1345 | D:2      | Gained mutation: Your natural rate of healing is unusually
                  | fast. [Vine Stalker growth]
  1345 | D:2      | Reached XP level 4. HP: 22/23 MP: 7/9
  1366 | D:2      | Learned a level 3 spell: Vampiric Draining
  1917 | D:3      | Found Dotur's General Store.
  2073 | D:3      | Reached XP level 5. HP: 26/26 MP: 1/12
  2358 | D:3      | Found a burning altar of Makhleb.
  2423 | D:3      | Found a bloodstained altar of Trog.
  2750 | D:4      | HP: 1/26 [orc/+0 flail (4)]
  2865 | D:4      | Found a sacrificial altar of Ru.
  3077 | D:4      | Found a shadowy altar of Dithmenos.
  3096 | D:4      | Reached skill level 5 in Spellcasting
  3189 | D:4      | Found a glowing golden altar of the Shining One.
  3276 | D:4      | Noticed an ogre
  3293 | D:4      | Killed an ogre
  3294 | D:4      | Reached XP level 6. HP: 14/30 MP: 9/15
  3589 | D:5      | Entered Level 5 of the Dungeon
  3590 | D:5      | Identified the +3 quarterstaff of the Lurker {elec, rF+++
                  | Int+6 Dex-3}
  3608 | D:5      | Noticed Pikel
  3732 | D:4      | Killed Pikel
  3733 | D:4      | Reached skill level 5 in Fighting
  3733 | D:4      | Reached XP level 7. HP: 18/39 MP: 6/17
  3945 | D:4      | Gained mutation: You have razor-sharp teeth. [Vine Stalker
                  | growth]
  3945 | D:4      | Reached XP level 8. HP: 44/44 MP: 18/18
  3983 | D:5      | Noticed Duvessa
  3986 | D:5      | Noticed Dowan
  4019 | D:5      | Killed Duvessa
  4036 | D:5      | Killed Dowan
  4404 | D:5      | Reached skill level 4 in Long Blades
  4557 | D:5      | Noticed a two-headed ogre
  4574 | D:6      | Found a glowing drain.
  4583 | Sewer    | Entered a sewer
  4953 | Sewer    | Reached skill level 5 in Long Blades
  5071 | D:6      | Reached XP level 9. HP: 23/50 MP: 12/19
  5153 | D:6      | Learned a level 3 spell: Confusing Touch
  5167 | D:6      | Found a blossoming altar of Fedhas.
  5169 | D:6      | Found Gozag's Platinum Reserve.
  5173 | D:6      | Found a hide-covered altar of Uskayaw.
  5173 | D:6      | Found an opulent altar of Gozag.
  5228 | D:6      | Became a worshipper of Uskayaw the Reveller
  5260 | D:6      | Reached * piety under Uskayaw
  5326 | D:6      | Reached ** piety under Uskayaw
  5328 | D:6      | Reached skill level 6 in Long Blades
  5763 | D:7      | Reached *** piety under Uskayaw
  5770 | D:7      | Reached **** piety under Uskayaw
  5885 | D:7      | Found a white marble altar of Elyvilon.
  5918 | D:7      | Reached skill level 7 in Long Blades
  5992 | D:7      | Found a staircase to the Ecumenical Temple.
  6044 | D:7      | Found an ornate altar of the Wu Jian Council.
  6190 | D:7      | Reached skill level 8 in Long Blades
  6632 | D:8      | Reached ***** piety under Uskayaw
  6640 | D:8      | Reached skill level 9 in Long Blades
  6817 | D:8      | Found a glowing silver altar of Zin.
  6817 | D:8      | Noticed an angel
  6837 | D:8      | Found a corrupted altar of Lugonu.
  6837 | D:8      | Found a transporter.
  6837 | D:8      | Noticed a green ugly thing
  6974 | D:8      | HP: 2/50 [poisoned by an orc priest]
  6974 | D:8      | Killed from afar by an orc priest

Illustrated notes

Levels and vault maps discovered:
D:1:      dpeg_arrival_arbitrary_b, layout_loops_corners,
          nicolae_nh_oracle_at_delphi
D:2:      cheibrodos_pilgrimage, layout_basic
D:3:      layout_loops_ring, trog_hazing_becter, lemuel_coloured_pillars_altar,
          serial_shops, shop, grunt_ministairs_10
D:4:      minmay_door_path, layout_gridville, old_standard_altar,
          nicolae_ru_sacrificial_ziggurat, tso_oasis_becter
D:5:      layout_rooms, minmay_manual_mullet, uniq_duvessa, uniq_pikel
D:6:      layout_rooms, grunt_temple_overflow_open,
          nicolae_gozag_zags_fifth_avenue, cheibrodos_sewer_entry_sluice
D:7:      layout_basic, mainiacjoe_overflow_cross_hatched, lemuel_crystal_altar,
          minmay_temple_entry_glassed_door, minmay_misc_feat_encased,
          minmay_splitting_lines
D:8:      gammafunk_corrupted_shrine, layout_loops_ring, zin_angel,
          kennysheep_generic_room_4

Skill      XL: |  1  2  3  4  5  6  7  8  9 |
---------------+----------------------------+-----
Long Blades    | 2 3 5 9 |  9.1
Spellcasting   | 4 5 6 |  6.2
Fighting       | 5 7 |  7.0
Staves         | |  0.3
Throwing       | |  0.8
Armour         | |  0.7
Dodging        | |  1.5
Translocations | |  3.0

Action                     |  1- 3 |  4- 6 |  7- 9 || total
---------------------------+-------+-------+-------++-------
  Melee: Falchion          |   137 |   187 |   469 ||   793
         Bite              |    24 |    48 |   171 ||   243
         Punch             |     1 |     1 |    12 ||    14
         Quarterstaff      |       |    28 |       ||    28
  Throw: Boomerang         |       |     1 |     2 ||     3
   Cast: Blink             |       |     3 |     2 ||     5
         Vhi's Electric Ch |       |     1 |     1 ||     2
  Evoke: Wand              |       |     1 |       ||     1
    Use: Scroll            |       |     1 |     2 ||     3
   Stab: Sleeping          |       |     1 |     2 ||     3
         Invisible         |       |     1 |       ||     1
         Paralysed         |       |       |     5 ||     5
 Armour: Leather armour    |    58 |    74 |   109 ||   241
  Dodge: Dodged            |   115 |   182 |   512 ||   809
  Block: Buckler           |     6 |     1 |       ||     7

Table legend: (Time is in decaauts)
 A = Elapsed time spent in this place.
 B = Non-inter-level travel time spent in this place.
 C = Inter-level travel time spent in this place.
 D = Time resting spent in this place.
 E = Time spent auto-exploring this place.
 F = Levels seen in this place.
 G = Mean time per level.
                   A        B        C        D        E       F      G
               +--------+--------+--------+--------+--------+-----+--------+
         Total |   7104 |   6918 |    186 |    308 |   4830 |   9 |  789.3 |
       Dungeon |   6582 |   6396 |    186 |    308 |   4520 |   8 |  822.8 |
         Sewer |    521 |    521 |      0 |      0 |    310 |   1 |  521.0 |
               +--------+--------+--------+--------+--------+-----+--------+

Top non-repeatable levels by time:
     D:4: 1388 daAuts
     D:1: 1062 daAuts
     D:3: 1035 daAuts
     D:7: 836 daAuts
     D:5: 599 daAuts
     D:6: 586 daAuts
     D:2: 582 daAuts
   Sewer: 521 daAuts
     D:8: 491 daAuts
